 Dungeon Crawl Stone Soup version 0.22-a0-596-gfbd32a6 (webtiles) character file.

41 wellist the Skirmisher (level 3, -1/33 HPs)
             Began as a Hill Orc Fighter on July 5, 2018.
             Slain by a gnoll
             ... wielding a +0 flail
              (9 damage)
             ... on level 2 of the Dungeon.
             The game lasted 00:03:13 (917 turns).

wellist the Skirmisher (Hill Orc Fighter)            Turns: 917, Time: 00:03:14

Health: -1/33      AC: 11    Str: 18    XL:     3   Next: 52%
Magic:  3/3        EV:  3    Int:  8    God:
Gold:   69         SH:  9    Dex: 11    Spells: 2/2 levels left

rFire    . . .     SeeInvis .   a - +0 war axe
rCold    . . .     Gourm    .   c - +0 shield
rNeg     . . .     Faith    .   k - +0 plate armour
rPois    .         Spirit   .   (no helmet)
rElec    .         Reflect  .   (no cloak)
rCorr    .         Harm     .   (no gloves)
MR       .....                  (no boots)
Stlth    ..........             (no amulet)
HPRegen  0.11/turn              (no ring)
MPRegen  0.08/turn              (no ring)

@: lethally poisoned (-1 -> -4)
A: no striking features
a: no special abilities


You were on level 2 of the Dungeon.
You were not hungry.

You visited 1 branch of the dungeon, and saw 2 of its levels.

You collected 69 gold pieces.

Inventory:

Hand Weapons
 a - a +0 war axe (weapon)
Armour
 c - a +0 shield (worn)
 k - a +0 plate armour (worn)
Jewellery
 e - an uncursed ring of protection from magic {unknown}
Scrolls
 b - a scroll of teleportation {unknown}
 h - 2 scrolls of remove curse {unknown}
 i - a scroll of magic mapping {unknown}
 l - a scroll of fog {unknown}
 n - a scroll of identify {unknown}
Potions
 d - a potion of might
 j - a potion of flight {unknown}
 m - a potion of invisibility {unknown}
 o - 2 potions of berserk rage {unknown}
Comestibles
 f - 3 rations


   Skills:
 * Level 4.2 Fighting
 * Level 3.5 Axes
 * Level 3.8 Armour
 + Level 3.5 Shields


You had 2 spell levels left.
You didn't know any spells.
Your spell library was empty.

Dungeon Overview and Level Annotations

Branches:
Dungeon (2/15)

Altars:
The Shining One

Annotations:
D:2 Robin


Message History

The gnoll hits you but does no damage.
You hit the gnoll.
The gnoll is moderately wounded.
You block the gnoll's attack.
Robin of the Strong Arm comes into view.
She is wielding a spear.
You hit the gnoll but do no damage.
The gnoll is moderately wounded.
You hit the gnoll. You block the gnoll's attack.
The gnoll hits you but does no damage.
You are poisoned.
The gnoll hits you but does no damage.
You hit the gnoll but do no damage.
The gnoll is moderately wounded.
You barely miss the gnoll.
You feel sick.
The gnoll hits you with a flail of venom.
A goblin comes into view. It is wielding a dagger.
The gnoll hits you with a flail!
* * * LOW HITPOINT WARNING * * *
You feel sick. You block the gnoll's attack. The gnoll hits you with a flail!
You die...

#.........#
#.........# ..
.........#...
###......<.#...
#..............
.#..............
.................
....###..........
........g@#+####
........†g..####+##
.....>.............
...................
.....g.............
...................
..#'#..g...........
..#.#..............
#............##


You could see Robin, 2 gnolls and a goblin.

Vanquished Creatures
  A gnoll (D:2)
  An adder (D:2)
  A worm (D:2)
  A dart slug (D:1)
  A leopard gecko (D:1)
  A giant cockroach (D:1)
  3 hobgoblins (D:1)
  A bat (D:1)
  A frilled lizard (D:2)
  A goblin (D:2)
  4 kobolds
  4 rats (D:1)
20 creatures vanquished.

Notes
Turn   | Place    | Note
-------+----------+-------------------------------------------
     0 | D:1      | wellist the Hill Orc Fighter began the quest for the Orb.
     0 | D:1      | Reached XP level 1. HP: 19/19 MP: 1/1
    62 | D:1      | Reached XP level 2. HP: 24/27 MP: 2/2
   298 | D:1      | Found a glowing golden altar of the Shining One.
   322 | D:1      | Reached skill level 4 in Fighting
   671 | D:2      | Reached XP level 3. HP: 14/33 MP: 3/3
   914 | D:2      | Noticed Robin
   917 | D:2      | Slain by a gnoll

Vault maps used:
D:1:      mainiacjoe_arrival_reflecting_pool, tso_altar
D:2:      first_ration, kennysheep_slug_shrine, uniq_robin

Skill      XL: |  1  2 |
---------------+-------+-----
Axes           | 3 |  3.5
Fighting       | 4 |  4.2
Armour         | |  3.8
Shields        | |  3.5

Action                   || total
-------------------------++-------
Melee: War axe           ||    87
Armor: Scale mail        ||     7
       Plate armour      ||    55
Dodge: Dodged            ||    15
Block: Shield            ||    57

Table legend:
 A = Spawn XP
 B = Non-spawn XP
 C = Spawn XP percentage of total XP
 D = Spawn monster count
 E = Non-spawn monster count
 F = Spawn count percentage of total count
 G = Total turns spent on level
                    A         B        C        D         E        F      G
               +---------+---------+-------+---------+---------+-------+---------
         Total |       0 |      59 |   0.0 |       0 |      20 |   0.0 |   917
               +---------+---------+-------+---------+---------+-------+---------
           D:1 |       0 |      24 |   0.0 |       0 |      14 |   0.0 |   852
           D:2 |       0 |      35 |   0.0 |       0 |       6 |   0.0 |    65
               +---------+---------+-------+---------+---------+-------+---------
